 Dungeon Crawl Stone Soup version 0.24-a0-433-gbe6fa4f6cc (webtiles) character file.

Game seed: 6271305767469951524

133 mhoghedin the Conjurer (level 4, -2/33 HPs)
             Began as a Draconian Conjurer on June 14, 2019.
             Was an Initiate of Sif Muna.
             Slain by an orc
             ... wielding a cursed +0 club
              (7 damage)
             ... on level 3 of the Dungeon.
             The game lasted 00:05:06 (3282 turns).

mhoghedin the Conjurer (Draconian Conjurer)         Turns: 3282, Time: 00:05:07

Health: -2/33      AC:  5    Str: 10    XL:     4   Next: 93%
Magic:  2/9        EV: 12    Int: 16    God:    Sif Muna [......]
Gold:   81         SH:  0    Dex: 12    Spells: 3/9 levels left

rFire    . . .     SeeInvis .   h - +0 whip (holy)
rCold    . . .     Gourm    .   (no shield)
rNeg     . . .     Faith    .   (armour unavailable)
rPois    .         Spirit   .   (helmet restricted)
rElec    .         Reflect  .   (no cloak)
rCorr    .         Harm     .   (no gloves)
MR       .....     Rnd*Tele +   (no boots)
Stlth    ++........             (no amulet)
HPRegen  0.11/turn              m - ring of teleportation (curse) {+/*tele, !d}
MPRegen  0.11/turn              (no ring)

@: very slightly contaminated
A: unfitting armour, cold-blooded, AC +5
a: Renounce Religion


You were on level 3 of the Dungeon.
You worshipped Sif Muna.
Sif Muna was noncommittal.
You were hungry.

You visited 1 branch of the dungeon, and saw 3 of its levels.

You collected 81 gold pieces.

Inventory:

Hand Weapons
 f - a +0 dagger
   (You took it off a goblin on level 1 of the Dungeon)
 h - a +0 whip of holy wrath (weapon)
   (You took it off a kobold on level 1 of the Dungeon)
Missiles
 j - 12 poisoned darts (quivered)
 p - a throwing net {=f, !d}
Armour
 i - a +0 pair of gloves
   (You found it on level 1 of the Dungeon)
 s - a +0 pair of gloves
   (You found it on level 2 of the Dungeon)
Jewellery
 m - a cursed ring of teleportation (left hand) {+/*tele, !d}
   (You found it on level 1 of the Dungeon)
Scrolls
 e - 2 scrolls of identify
 g - a scroll of amnesia
 o - a scroll of fog
 r - 2 scrolls of fear
Potions
 a - 2 potions of curing
 c - a potion of degeneration {unknown}
 n - a potion of heal wounds
 q - a potion of cancellation {unknown}
Comestibles
 b - 5 rations
 l - a chunk of flesh {@w0}


   Skills:
 - Level 1.7 Dodging
 - Level 1.7 Stealth
 + Level 3.3 Spellcasting
 + Level 5.0 Conjurations
 + Level 1.5 Hexes


You had 3 spell levels left.
You knew the following spells:

 Your Spells              Type           Power        Failure   Level  Hunger
a - Magic Dart            Conj           ###.         2%          1    None
b - Searing Ray           Conj           ###...       3%          2    ##.....
c - Dazzling Spray        Conj/Hex       ##....       14%         3    ###....

Your spell library contained the following spells:

 Spells                   Type           Power        Failure   Level  Hunger
 Iskenderun's Mystic Bla  Conj           ###.....     22%         4    ####...
 Fulminant Prism          Conj/Hex       ##........   43%         4    ####...
 Force Lance              Conj/Tloc      ##......     54%         4    ####...


Dungeon Overview and Level Annotations

Branches:
Dungeon (3/15)

Altars:
Ru
Sif Muna

Annotations:
D:3 exclusion: Jessica, Jessica


Innate Abilities, Weirdness & Mutations

Your plain brown scales are hard. (AC +5)
You cannot fit into any form of body armour.
You are cold-blooded and may be slowed by cold attacks.


Message History

MASSIVE DAMAGE!!
You barely miss the orc priest.
Your tail-slap misses the orc priest.
Your surroundings suddenly seem different.
A quokka and a kobold come into view.
The quokka completely misses you.
You barely miss the quokka. The quokka closely misses you.
You miss the quokka. The quokka completely misses you.
You barely miss the quokka. The quokka completely misses you.
The quokka bites you but does no damage.
You barely miss the quokka. The quokka barely misses you.
You miss the quokka.
Your tail-slap misses the quokka.
The quokka barely misses you.
You hit the quokka. The quokka bites you.
* * * LOW HITPOINT WARNING * * *
The quokka bites you.
* * * LOW HITPOINT WARNING * * *
You hit the quokka.
You kill the quokka!
Sif Muna accepts your kill.
You take 9 damage, and have 3/33 hp.
MASSIVE DAMAGE!!
Aim: a kobold (resting)
The magic dart hits the kobold.
The kobold shouts!
The kobold throws a poisoned dart.
The poisoned dart closely misses you.
You now have 1/9 mp.
Aim: a kobold (severely wounded)
The magic dart hits the kobold.
You kill the kobold!
Sif Muna accepts your kill.
You now have 0/9 mp.
You don't have enough magic to cast that spell.
You start resting.
You feel a little less agile now.
You regained 4 hp, and now have 7/33 hp.
You regained 4 mp, and now have 4/9 mp.
You start resting.
You feel strangely unstable.
You are suddenly yanked towards a nearby monster!
Your surroundings suddenly seem different.
You regained 10 hp, and now have 17/33 hp.
MP restored: 9
Aim: an orc, wielding a +0 club and wearing a +0 ring mail (hasn't noticed you)
The magic dart hits the orc but does no damage.
The orc shouts!
You now have 8/9 mp.
Aim: an orc, wielding a +0 club and wearing a +0 ring mail The magic dart hits the orc.
You now have 7/9 mp.
Aim: an orc, wielding a +0 club and wearing a +0 ring mail (moderately wounded)
The magic dart hits the orc but does no damage.
The orc hits you with a cursed +0 club!
You take 7 damage, and have 11/33 hp.
MASSIVE DAMAGE!!
You now have 6/9 mp.
Aim: an orc, wielding a +0 club and wearing a +0 ring mail (moderately wounded)
You miscast Searing Ray.
You are very lightly contaminated with residual magic.
Sparks fly from your hands!
You are feeling hungry.
The orc barely misses you.
You now have 4/9 mp.
Aim: an orc, wielding a +0 club and wearing a +0 ring mail (moderately wounded)
The searing ray hits the orc. (Press . to maintain the ray.)
The orc barely misses you.
You now have 2/9 mp.
Unknown command.
Aim: an orc, wielding a +0 club and wearing a +0 ring mail (heavily wounded)
The searing ray misses the orc. (Press . to maintain the ray.)
The orc barely misses you.
You now have 0/9 mp.
You don't have enough magic to cast that spell.
Without enough magic to sustain it, your searing ray dissipates.
The orc misses you. The orc closely misses you. The orc closely misses you.
You hit the orc but do no damage. The orc barely misses you.
You hit the orc but do no damage. The orc hits you with a cursed +0 club.
You take 1 damage, and have 11/33 hp.
You closely miss the orc. The orc hits you but does no damage.
You closely miss the orc. The orc hits you but does no damage.
You closely miss the orc. The orc barely misses you.
You hit the orc but do no damage.
A frilled lizard comes into view.
The orc hits you with a cursed +0 club.
* * * LOW HITPOINT WARNING * * *
You take 2 damage, and have 9/33 hp.
You hit the orc. The orc hits you with a cursed +0 club.
* * * LOW HITPOINT WARNING * * *
You take 1 damage, and have 8/33 hp.
You barely miss the orc. The frilled lizard closely misses you.
The orc hits you with a cursed +0 club.
* * * LOW HITPOINT WARNING * * *
You take 3 damage, and have 5/33 hp.
The frilled lizard bites you.
* * * LOW HITPOINT WARNING * * *
The orc hits you with a cursed +0 club!
You die...

##.####.####..........#
#..# #..###..#.......##
#.## #.......(o........
... #..####.####......
#.## #..##.....##......
#. #..#..(....#.>.... #
#..#(......#.# .##
#......_.....# #
##.#@o.....#.#
#.#.l.....#.#
#####.##.....## #
......####.####.#
#####............#
.........[##......#
####.#..## .#.##..
#.<..# .#.# ##...# ## #


You could see an orc and a frilled lizard.

Vanquished Creatures
  An orc priest (D:3)
  2 adders (D:2)
  An ooze (D:1)
  A worm (D:2)
  A leopard gecko (D:1)
  5 orcs (D:3)
  A ball python (D:1)
  4 giant cockroaches
  7 goblins
  7 hobgoblins
  16 jackals
  A quokka (D:3)
  3 bats
  6 frilled lizards
  7 kobolds
  3 rats
66 creatures vanquished.

Vanquished Creatures (others)
  A fungus (D:1)
1 creature vanquished.

Grand Total: 67 creatures vanquished

Notes
Turn   | Place    | Note
-------+----------+-------------------------------------------
     0 | D:1      | mhoghedin the Draconian Conjurer began the quest for the
                  | Orb.
     0 | D:1      | Reached XP level 1. HP: 14/14 MP: 3/3
   381 | D:1      | Reached XP level 2. HP: 20/20 MP: 0/5
   612 | D:1      | Learned a level 2 spell: Searing Ray
   721 | D:1      | HP: 5/20 [jackal (1)]
  1043 | D:1      | Reached XP level 3. HP: 24/26 MP: 0/7
  1410 | D:1      | Learned a level 3 spell: Dazzling Spray
  2082 | D:2      | Reached skill level 3 in Spellcasting
  2252 | D:2      | Reached XP level 4. HP: 33/33 MP: 8/8
  2340 | D:2      | Reached skill level 1 in Hexes
  2516 | D:2      | Found a sacrificial altar of Ru.
  2988 | D:3      | Found a deep blue altar of Sif Muna.
  3006 | D:3      | Noticed Jessica
  3079 | D:3      | Became a worshipper of Sif Muna the Loreminder
  3106 | D:3      | Reached skill level 5 in Conjurations
  3115 | D:3      | HP: 6/33 [orc priest (5)]
  3116 | D:3      | HP: 2/33 [orc priest/divine providence (9)]
  3130 | D:3      | HP: 7/33 [quokka (5)]
  3130 | D:3      | HP: 3/33 [quokka (4)]
  3278 | D:3      | HP: 8/33 [orc/cursed +0 club (1)]
  3282 | D:3      | Slain by an orc

Levels and vault maps discovered:
D:1:      onia_arrival_mini_maze, layout_loops_ring
D:2:      layout_basic, nicolae_ru_sacrificial_ziggurat
D:3:      layout_rooms, grunt_temple_overflow_holy_war, old_standard_altar,
          overflow_temple_1_default, first_ration,
          ebering_ghost_reflecting_pool, uniq_jessica

Skill      XL: |  1  2  3  4 |
---------------+-------------+-----
Spellcasting   | 3 |  3.3
Hexes          | 1 |  1.5
Conjurations   | 5 |  5.0
Dodging        | |  1.7
Stealth        | |  1.7

Action                   |  1- 3 |  4- 6 || total
-------------------------+-------+-------++-------
Melee: Unarmed           |    90 |       ||    90
       Tailslap          |    22 |     7 ||    29
       Dagger            |    43 |       ||    43
       Whip              |    58 |    59 ||   117
Throw: Dart              |       |     1 ||     1
 Cast: Magic Dart        |    19 |     6 ||    25
       Searing Ray       |     7 |     6 ||    13
       Dazzling Spray    |       |     3 ||     3
  Use: Scroll            |     4 |     1 ||     5
       Potion            |       |     6 ||     6
 Stab: Sleeping          |     1 |     3 ||     4
       Invisible         |       |     1 ||     1
  Eat: Chunk             |     3 |     2 ||     5
       Ration            |     1 |       ||     1
Armor: Skin              |    70 |    28 ||    98
Dodge: Dodged            |   135 |    77 ||   212

Table legend:
 A = Non-vault XP
 B = Vault XP
 C = Vault XP percentage of total XP
 D = Non-vault monster count
 E = Vault monster count
 F = Vault count percentage of total count
                 A         B        C        D         E       F
            +---------+---------+-------+---------+---------+-------
      Total |     189 |       1 |   0.5 |      65 |       1 |   1.5
            +---------+---------+-------+---------+---------+-------
        D:1 |      64 |       1 |   1.5 |      34 |       1 |   2.9
        D:2 |      51 |       0 |   0.0 |      14 |       0 |   0.0
        D:3 |      74 |       0 |   0.0 |      17 |       0 |   0.0
            +---------+---------+-------+---------+---------+-------

Levels and vault maps discovered:
D:1:      onia_arrival_mini_maze, layout_loops_ring
D:2:      layout_basic, nicolae_ru_sacrificial_ziggurat
D:3:      layout_rooms, grunt_temple_overflow_holy_war, old_standard_altar,
          overflow_temple_1_default, first_ration,
          ebering_ghost_reflecting_pool, uniq_jessica

Table legend:
 A = Turns spent in this place as a percentage of turns spent in the entire game.
 B = Non-inter-level travel turns spent in this place as a percentage of non-inter-level travel turns spent in the entire game.
 C = Inter-level travel turns spent in this place as a percentage of turns spent in this place.
 D = Turns resting spent in this place as a percentage of non-inter-level travel turns spent in this place.
 E = Turns spent auto-exploring this place as a percentage of non-inter-level travel turns spent in this place.
 F = Non-inter-level travel turns spent in this place divided by the number of levels of this place that you've seen.
                   A       B       C       D       E      F
               +-------+-------+-------+-------+-------+----------------------
         Total | 100.0 | 100.0 |   2.6 |  39.8 |  41.6 | 1065.7
       Dungeon | 100.0 | 100.0 |   2.6 |  39.8 |  41.6 | 1065.7
               +-------+-------+-------+-------+-------+----------------------

Table legend:
 A = Kills in this place as a percentage of kills in entire the game.
 B = Kills by you in this place as a percentage of kills by you in the entire game.
 C = Kills by friends in this place as a percentage of kills by friends in the entire game.
 D = Other kills in this place as a percentage of other kills in the entire game.
 E = Experience gained in this place as a percentage of experience gained in the entire game.
 F = Experience gained in this place divided by the number of levels of this place that you have seen.
                   A       B       C       D       E      F
               +-------+-------+-------+-------+-------+----------------------
         Total | 100.0 | 100.0 |   N/A |   N/A | 100.0 |  63.3
       Dungeon | 100.0 | 100.0 |   N/A |   N/A | 100.0 |  63.3
               +-------+-------+-------+-------+-------+----------------------
